cohdb
Replays
Latest Replays
All Replays
Popular Replays
Top Player Replays
Match Explorer
How It Works
Community
CoH3 Stats
Reddit
Sign in to upload your games and track your stats! →
Sign in with Steam
Match 41638089
Unlisted
Match 41638089
Overview
Messages
Build Orders
End
Selects Indian Artillery Battlegroup
Royal Engineer Section
Construct Section Command Post
Dingo Light Scout Car
Infantry Section
Vickers Machine Gun Team
Selects War Cry
Infantry Section
Construct Platoon Command Post
Selects Gurkha Rifles Section
Gurkha Rifles Section
Construct Field Infirmary
Unlock M3 Stuart Light Tanks
M3 Stuart Light Tank
War Cry
Selects Volunteer Infantry
Selects Artillery Saturation
Construct Company Command Post
Construct Company Command Post
Crusader II Medium Tank
Foot Guards Section
Infantry Training
Grenade Package
Selects Off-map Airburst Barrage
Crusader II Medium Tank
Royal Engineer Section
War Cry
Matilda II Heavy Tank
只愛❤毛妹
Cooter McGavin
0
0
Comments
sign in to comment!
No comments posted yet!